 Dungeon Crawl Stone Soup version 0.24-a0-459-g225fefd530 (webtiles) character file.

Game seed: 7050064057244484140

238 Krouwed the Chucker (level 6, -1/65 HPs)
             Began as an Ogre Hunter on June 28, 2019.
             Slain by a scorpion (2 damage)
             ... on level 4 of the Dungeon.
             The game lasted 00:15:48 (5565 turns).

Krouwed the Chucker (Ogre Hunter)                   Turns: 5565, Time: 00:15:48

Health: -1/65      AC:  3    Str: 17 (19) XL:     6   Next: 7%
Magic:  6/6        EV: 15    Int: 11 (14) God:
Gold:   211        SH:  0    Dex: 11 (14) Spells: 5/5 levels left

rFire    . . .     SeeInvis .   i - +0 whip
rCold    . . .     Gourm    .   (no shield)
rNeg     . . .     Faith    .   c - +0 robe (curse)
rPois    .         Spirit   .   (helmet restricted)
rElec    .         Reflect  .   (no cloak)
rCorr    .         Harm     .   (gloves unavailable)
MR       .....                  (boots unavailable)
Stlth    ++........             (no amulet)
HPRegen  0.20/turn              (no ring)
MPRegen  0.10/turn              (no ring)

@: agile, lethally poisoned (-1 -> -1), flying
A: large, unfitting armour, clever 1, sense surroundings 1, tough skin 1,
MP-powered wands
a: no special abilities


You were on level 4 of the Dungeon.
You were not hungry.

You visited 1 branch of the dungeon, and saw 4 of its levels.

You collected 211 gold pieces.

Inventory:

Hand Weapons
 i - a +0 whip (weapon)
Missiles
 d - 101 stones
 y - 7 boomerangs (quivered)
Armour
 c - a cursed +0 robe (worn)
 o - a +0 ring mail of poison resistance
Jewellery
 u - an uncursed ring of poison resistance {unknown}
 A - a cursed -2 ring of evasion {unknown}
Wands
 p - a wand of random effects (28)
Scrolls
 g - a scroll of fear {unknown}
 h - 2 scrolls of amnesia
 j - 3 scrolls of remove curse
 l - 2 scrolls of teleportation {unknown}
 r - 2 scrolls of identify
 t - a scroll of magic mapping {unknown}
 w - a scroll of noise {unknown}
Potions
 e - 2 potions of resistance
 n - a potion of might
 v - a potion of degeneration
 z - a potion of ambrosia {unknown}
Comestibles
 f - 3 rations
 x - a chunk of flesh


   Skills:
 + Level 4.8 Fighting
 + Level 2.2 Maces & Flails
 + Level 4.9 Throwing
 - Level 3.0 Dodging
 - Level 0.6 Stealth


You had 5 spell levels left.
You didn't know any spells.
Your spell library was empty.

Dungeon Overview and Level Annotations

Branches:
Dungeon (4/15)
 Temple: D:4-7

Altars:

Annotations:
D:2 Ijyb
D:3 1 runed translucent door, exclusion: door, Grinder; Zero's ghost, amateur SpEn


Innate Abilities, Weirdness & Mutations

You are too large for most types of armour.
You have tough skin. (AC +1)
Your mind is acute. (Int +2)
You passively map a small area around you.
You expend magic power (3 MP) to strengthen your wands.


Message History

The scorpion is almost dead.
The scorpion barely misses you.
You barely miss the scorpion.
The scorpion is almost dead.
You feel sick. The scorpion stings you.
* * * LOW HITPOINT WARNING * * *
You hit the scorpion but do no damage.
The scorpion is almost dead.
The scorpion closely misses you.
You hit the scorpion.
The scorpion is almost dead.
The scorpion closely misses you.
You closely miss the scorpion.
The scorpion is almost dead.
You feel sick. The scorpion stings you!
* * * LOW HITPOINT WARNING * * *
It was a potion of flight.
You feel very buoyant.
You fly up into the air.
The scorpion stings you.
You die...

, #.....## ≈ #......# ≈ ,
#......#≈ * *#. #####..## ,≈
#. #...# * #.. #####...#* .#
, , .. #....#### +. *
..###.##....#####.####
.....+....'.@s.....( *
#..#....####..####
#...##<..........# ,
#.#..............# , ,
#######.#..............#
.....>..#..............# , +
...##...#..............# *
........##.............#####
....O...##.#######.........#


You could see a scorpion.

Vanquished Creatures
  A howler monkey (D:3)
  A hound (D:4)
  Jessica (D:3)
  4 gnolls (D:2)
  3 adders
  2 oozes
  4 worms (D:2)
  A dart slug (D:2)
  3 leopard geckos
  An orc (D:3)
  7 goblins
  6 hobgoblins
  4 jackals (D:2)
  5 bats
  3 frilled lizards
  5 kobolds
  7 rats
58 creatures vanquished.

Notes
Turn   | Place    | Note
-------+----------+-------------------------------------------
     0 | D:1      | Krouwed the Ogre Hunter began the quest for the Orb.
     0 | D:1      | Reached XP level 1. HP: 22/22 MP: 1/1
   278 | D:1      | Reached XP level 2. HP: 21/31 MP: 2/2
  1120 | D:1      | Reached XP level 3. HP: 37/37 MP: 3/3
  1807 | D:2      | Reached skill level 1 in Maces & Flails
  2217 | D:2      | Reached XP level 4. HP: 20/48 MP: 4/4
  2884 | D:2      | Reached XP level 5. HP: 36/54 MP: 5/5
  3632 | D:3      | Found a runed translucent door.
  3649 | D:3      | Noticed Zero's ghost (amateur SpEn)
  3728 | D:3      | Noticed Ijyb
  3876 | D:3      | Noticed Jessica
  3877 | D:3      | Killed Jessica
  3952 | D:3      | Noticed Grinder
  4667 | D:4      | Reached XP level 6. HP: 60/65 MP: 6/6
  5556 | D:4      | Gained mutation: Your mind is acute. (Int +2) [potion of
                  | mutation]
  5556 | D:4      | Gained mutation: You expend magic power (3 MP) to
                  | strengthen your wands. [potion of mutation]
  5556 | D:4      | Gained mutation: You passively map a small area around you.
                  | [potion of mutation]
  5564 | D:4      | HP: 1/65 [scorpion (10)]
  5565 | D:4      | Slain by a scorpion

Levels and vault maps discovered:
D:1:      dpeg_arrival_water_temple_mockup, layout_basic
D:2:      layout_basic
D:3:      layout_rooms, ebering_ghost_reflecting_pool, corexii_leaking_fountain,
          kennysheep_generic_room_2, uniq_grinder, uniq_ijyb, uniq_jessica
D:4:      layout_basic, led_sif_pool

Skill      XL: |  1  2  3  4  5 |
---------------+----------------+-----
Fighting       | 3 4 |  4.8
Dodging        | 2 3 |  3.0
Maces & Flails | 1 2 |  2.2
Throwing       | |  4.9
Stealth        | |  0.6

Action                   |  1- 3 |  4- 6 || total
-------------------------+-------+-------++-------
Melee: Club              |    99 |    84 ||   183
       Short sword       |    10 |       ||    10
       Whip              |       |    21 ||    21
Throw: Large rock        |    31 |    14 ||    45
       Throwing net      |     4 |     3 ||     7
       Javelin           |     1 |    19 ||    20
       Stone             |       |    44 ||    44
       Dart              |       |     5 ||     5
       Boomerang         |       |     7 ||     7
  Use: Scroll            |       |     8 ||     8
       Potion            |       |    10 ||    10
 Stab: Held in net/web   |     3 |       ||     3
  Eat: Chunk             |     4 |     4 ||     8
       Ration            |       |     2 ||     2
Armor: Robe              |    43 |    24 ||    67
Dodge: Dodged            |    67 |    67 ||   134

Table legend:
 A = Non-vault XP
 B = Vault XP
 C = Vault XP percentage of total XP
 D = Non-vault monster count
 E = Vault monster count
 F = Vault count percentage of total count
                 A         B        C        D         E       F
            +---------+---------+-------+---------+---------+-------
      Total |     303 |      37 |  10.9 |      57 |       1 |   1.7
            +---------+---------+-------+---------+---------+-------
        D:1 |      37 |       0 |   0.0 |      18 |       0 |   0.0
        D:2 |     139 |       0 |   0.0 |      27 |       0 |   0.0
        D:3 |      68 |      37 |  35.2 |       9 |       1 |  10.0
        D:4 |      59 |       0 |   0.0 |       3 |       0 |   0.0
            +---------+---------+-------+---------+---------+-------
